 Dungeon Crawl Stone Soup version 0.25.0-26-g0c896c7088 (webtiles) character file.

Game seed: 1058980271792595338

34 mortelune the Chopper (level 3, 0/29 HPs)
             Began as a Demonspawn Chaos Knight on July 3, 2020.
             Was a Plaything of Xom.
             Slain by Terence
             ... wielding a +1 trident of venom
              (7 damage)
             ... on level 3 of the Dungeon.
             The game lasted 00:01:57 (1498 turns).

mortelune the Chopper (Demonspawn Chaos Knight)     Turns: 1498, Time: 00:01:58

Health: 0/29       AC:  5    Str: 13    XL:     3   Next: 14%
Magic:  3/3        EV: 13    Int: 13    God:    Xom [..*...]
Gold:   67         SH:  0    Dex: 12    Spells: 2/2 levels left

rFire    + . .     SeeInvis .   a - +1 hand axe (chaos)
rCold    . . .     Gourm    .   (no shield)
rNeg     . . .     Faith    .   b - +2 leather armour
rPois    .         Spirit   .   (helmet restricted)
rElec    .         Reflect  .   (no cloak)
rCorr    .         Harm     .   (no gloves)
MR       .....     Clarity  +   (no boots)
Stlth    ..........             (no amulet)
HPRegen  0.09/turn              F - ring of protection from fire
MPRegen  0.08/turn              k - ring of attention (curse)

@: lethally poisoned (0 -> -28)
A: antennae 1, repulsion field 1, clarity
a: Renounce Religion


You were on level 3 of the Dungeon.
You worshipped Xom.
You were a toy of Xom.
You were not hungry.

You visited 1 branch of the dungeon, and saw 3 of its levels.

You collected 67 gold pieces.

Inventory:

Hand Weapons
 a - a +1 hand axe of chaos (weapon)
 j - a cursed -2 hunting sling
Armour
 b - a +2 leather armour (worn)
Jewellery
 k - a cursed ring of attention (right hand)
 F - a ring of protection from fire (left hand)
Scrolls
 d - a scroll of remove curse {unknown}
Potions
 e - a potion of haste {unknown}
 g - a potion of heal wounds {unknown}
 h - a potion of flight {unknown}
 i - 2 potions of mutation {unknown}
Comestibles
 c - 3 rations


   Skills:
 + Level 3.3 Fighting
 * Level 3.3 Axes
 + Level 2.2 Armour
 - Level 0.8 Dodging


You had 2 spell levels left.
You didn't know any spells.
Your spell library was empty.

Dungeon Overview and Level Annotations

Branches:
Dungeon (3/15)

Altars:

Annotations:
D:3 Terence


Innate Abilities, Weirdness & Mutations

You have a pair of small antennae on your head.
You are surrounded by a mild repulsion field. (EV +2)
You possess an exceptional clarity of mind.


Message History

You completely miss the goblin.
You feel sick. Terence hits you but does no damage.
You are lethally poisoned!
The goblin closely misses you.
Terence hits you with a +1 trident of venom.
You closely miss Terence. You hit the goblin. You freeze the goblin.
You kill the goblin!
You feel sick. Terence closely misses you.
You hit Terence but do no damage.
You feel sick.
Terence hits you with a +1 trident of venom.
You are more poisoned.
Terence barely misses you.
You barely miss Terence.
You feel sick. Terence barely misses you.
You swap places.
* * * LOW HITPOINT WARNING * * *
You feel sick. Terence hits you but does no damage.
You are more poisoned.
Terence hits you from afar with a +1 trident of venom!
You die...
Xom titters!

## #.##..... ####.
......... #....
###........ #.#.#
....#... #.#.# #......
#.#.# ..####.bb.#
#...###.......<@.#
##.<....... #...#
#........## #b@.#
.........# ##.##
.........# ##.#
.........######..#####
.........#.............
...........###..#####..
..(................
.....................
.........############


You could see Terence (fast, poisoned).

Vanquished Creatures
  A worm (D:2)
  2 dart slugs (D:1)
  A leopard gecko (D:1)
  A ball python (D:1)
  3 giant cockroaches
  2 goblins
  5 hobgoblins
  A bat (D:1)
  A frilled lizard (D:1)
  6 kobolds
  A rat (D:2)
24 creatures vanquished.

Notes
Turn   | Place    | Note
-------+----------+-------------------------------------------
     0 | D:1      | mortelune the Demonspawn Chaos Knight began the quest for
                  | the Orb.
     0 | D:1      | Reached XP level 1. HP: 18/18 MP: 1/1
    47 | D:1      | You fall into a shaft and drop 1 floor!
    63 | D:2      | XOM: silly message
    80 | D:1      | XOM: swap monsters
   164 | D:1      | XOM: give mutations
   164 | D:1      | Gained mutation: You possess an exceptional clarity of
                  | mind. [Xom's mischief]
   164 | D:1      | Gained mutation: Armour fits poorly on your strangely
                  | shaped body. [Xom's mischief]
   164 | D:1      | Lost mutation: Armour fits poorly on your strangely shaped
                  | body. [Xom's mischief]
   345 | D:1      | Gained mutation: You are surrounded by a mild repulsion
                  | field. (EV +2) [demonic ancestry]
   345 | D:1      | Reached XP level 2. HP: 21/24 MP: 2/2
   405 | D:1      | You fall into a shaft and drop 1 floor!
   428 | D:1      | XOM: 7-stop teleportation journey
  1070 | D:2      | Gained mutation: You have a pair of small antennae on your
                  | head. [demonic ancestry]
  1070 | D:2      | Reached XP level 3. HP: 27/29 MP: 3/3
  1392 | D:2      | XOM: cloud trail
  1487 | D:3      | Noticed Terence
  1492 | D:3      | XOM: butterfly on damage
  1498 | D:3      | Slain by Terence

Illustrated notes

Levels and vault maps discovered:
D:1:      lemuel_arrival_behind_the_door_small, layout_rooms
D:2:      layout_loops_ring
D:3:      layout_rooms, uniq_terence

Skill      XL: |  1 |
---------------+----+-----
Axes           | 3 |  3.3
Armour         | 2 |  2.2
Fighting       | |  3.3
Dodging        | |  0.8

Action                   || total
-------------------------++-------
Melee: Hand axe          ||    79
  Use: Scroll            ||     3
  Eat: Chunk             ||     2
Armor: Leather armour    ||    30
Dodge: Dodged            ||    53
